 Dungeon Crawl Stone Soup version 0.28-a0-1213-g0243856f03 (webtiles) character file.

Game seed: 12115161483167845355

11708 siradein the Summoner (level 11, -1/76 HPs)
             Began as a Purple Draconian Summoner on Dec 22, 2021.
             Was a Believer of Hepliaklqana.
             Slain by an unseen horror (2 damage)
             ... on level 10 of the Dungeon.
             The game lasted 00:38:24 (13810 turns).

siradein the Summoner (Purple Draconian Summoner)  Turns: 13810, Time: 00:38:25

Health: -1/76      AC: 12    Str: 11    XL:     11   Next: 52%
Magic:  23/23      EV: 12    Int: 20    God:    Hepliaklqana [**....]
Gold:   459        SH: 11    Dex: 11    Spells: 13/26 levels left

rFire   . . .      SeeInvis .   z - +2 spear (venom)
rCold   + . .      Faith    .   x - +2 kite shield
rNeg    . . .      Spirit   .   (armour unavailable)
rPois   .          Reflect  .   (helmet restricted)
rElec   .          Harm     .   (no cloak)
rCorr   .          Rampage  .   q - +0 pair of gloves
Will    +....                   (no boots)
Stlth   ++........              E - amulet of magic regeneration
HPRegen 0.22/turn               D - +4 ring of protection
MPRegen 0.58/turn               p - ring of protection from cold

@: no status effects
A: reduced essence, breathe power, AC +7, unfitting armour, cold-blooded
a: Breathe Dispelling Energy, Renounce Religion, Recall Ancestor, Ancestor
Identity


You were on level 10 of the Dungeon.
You worshipped Hepliaklqana.
Hepliaklqana was pleased with you.
You visited 2 branches of the dungeon, and saw 11 of its levels.

You collected 519 gold pieces.
You spent 60 gold pieces at shops.

Inventory:

Hand Weapons
 u - a +1 short sword of draining
 w - a +3 spear of freezing
 z - a +2 spear of venom (weapon)
Missiles
 y - a throwing net
Armour
 q - a +0 pair of gloves (worn)
 x - a +2 kite shield (worn)
Magical Staves
 d - a staff of conjuration
 h - a staff of death
Jewellery
 b - a ring of fire
 p - a ring of protection from cold (right hand)
 A - an amulet of reflection
 D - a +4 ring of protection (left hand)
 E - an amulet of magic regeneration (around neck)
Wands
 a - a wand of polymorph (10)
 n - a wand of digging (6)
 C - a wand of iceblast (13)
 K - a wand of acid (4)
Scrolls
 c - 4 scrolls of blinking
 f - a scroll of immolation
 j - 2 scrolls of enchant weapon
 k - 7 scrolls of teleportation
 o - a scroll of magic mapping
 s - 3 scrolls of enchant armour
 t - 2 scrolls of fear
 v - a scroll of vulnerability
 F - a scroll of acquirement {unknown}
 G - a scroll of summoning {unknown}
 H - a scroll of fog {unknown}
 J - a scroll of amnesia
Potions
 e - 3 potions of haste
 g - 3 potions of lignification
 i - 2 potions of resistance
 l - 9 potions of curing
 m - 5 potions of heal wounds
 r - a potion of might {unknown}
 B - a potion of attraction {unknown}
 I - a potion of berserk rage {unknown}


   Skills:
 + Level 4.8 Fighting
 + Level 6.8 Dodging
 - Level 1.7 Stealth
 + Level 7.2 Shields
 + Level 8.3 Spellcasting
 + Level 6.5 Hexes
 + Level 8.3 Summonings
 + Level 6.0 Air Magic
 + Level 6.6 Evocations


You had 13 spell levels left.
You knew the following spells:

 Your Spells              Type           Power      Damage    Failure   Level
a - Summon Small Mammal   Summ           100%       N/A       1%          1
b - Call Imp              Summ           41%        N/A       1%          2
c - Call Canine Familiar  Summ           41%        N/A       2%          3
d - Summon Guardian Gole  Hex/Summ       38%        N/A       3%          3
e - Summon Lightning Spi  Summ/Air       37%        N/A       12%         4

Your spell library contained the following spells:

 Spells                   Type           Power      Damage    Failure   Level
 Tukima's Dance           Hex            34%        N/A       4%          3
 Static Discharge         Conj/Air       20%        N/A       10%         2
 Magic Dart               Conj           32%        1d4       22%         1
 Blink                    Tloc           16%        N/A       32%         2
 Searing Ray              Conj           16%        2d5       32%         2
 Fulminant Prism          Conj/Hex       10%        3d9       50%         4
 Yara's Violent Unravell  Hex/Tmut       10%        3d6       85%         5
 Lightning Bolt           Conj/Air       10%        1d23      87%         5
 Passage of Golubria      Tloc           8%         N/A       91%         4
 Manifold Assault         Tloc           8%         N/A       99%         5
 Storm Form               Tmut/Air       10%        N/A       100%        7
 Maxwell's Capacitive Co  Air            16%        ∞         100%        8


Dungeon Overview and Level Annotations

Branches:
Dungeon (10/15)            Temple (1/1) D:5
   Lair: D:8-11         Orc: D:9-12

Altars:
Ashenzari
Cheibriados
Dithmenos
Elyvilon
Fedhas
Gozag
Hepliaklqana
Makhleb
Nemelex Xobeh
Okawaru
Qazlal
Ru
Sif Muna
Trog
Uskayaw
Vehumet
Wu Jian
Xom
Yredelemnul
Zin
The Shining One

Shops:
D:8 *

Annotations:
D:6 4 runed translucent doors
D:10 exclusion: 2 oklob plants


Innate Abilities, Weirdness & Mutations

Your life essence is reduced to manifest your ancestor. (-10% HP)
You can breathe bolts of dispelling energy.
Your rich purple scales are hard. (AC +7)
You cannot fit into any form of body armour.
You are cold-blooded and may be slowed by cold attacks.


Message History

Your wolf's corpse disappears in a puff of smoke!
Something draws life force from you. Something hits you. Something hits you.
Something draws life force from you!
You hit something but do no damage. Something hits you. x2
You block something's attack. Something bites you but does no damage.
You block something's attack. Something bites you!
Something draws strength from your injuries!
You hit something.
Your tail-slap misses something.
Something hits you but does no damage. x3; Something bites you!
* * * LOW HITPOINT WARNING * * *
Something draws strength from your injuries!
Casting: Summon Guardian Golem (dangerous; 3% risk of failure)
Confirm with . or Enter, or press ? or * to list all spells.
Something hits you but does no damage. x2; You block something's attack.
Something bites you but does no damage.
You miss something. Something hits you but does no damage.
Your hound bites something but does no damage.
You block something's attack. Something hits you but does no damage.
Something completely misses you.
Your hound barely misses something.
You barely miss something. You block something's attack.
Something barely misses you. Something hits you.
* * * LOW HITPOINT WARNING * * *
Your hound barely misses something.
Something hits you but does no damage. Something bites you.
* * * LOW HITPOINT WARNING * * *
Something draws strength from your injuries!
You hit something.
Your tail-slap misses something.
Something hits you.
* * * LOW HITPOINT WARNING * * *
Something hits you but does no damage.
Your hound bites something.
Something hits you!
* * * LOW HITPOINT WARNING * * *
Something bites you.
* * * LOW HITPOINT WARNING * * *
Something draws strength from your injuries!
Your hound bites something but does no damage.
Unknown command.
You hit something but do no damage. Something hits you.
* * * LOW HITPOINT WARNING * * *
Something hits you.
You die...

# ...........#
...........#
....###.#..# #####
#.#..#######
#.#.....>...
.######.#.........
...........#######
###.##.#####
#..h{@# #####{#
#.# #.# #.# #.#
#.# #.. #...


You could see a friendly hound (summoned).

Vanquished Creatures
  An ugly thing (D:6)
  4 yaks
  A shadow (D:10)
  A steam dragon (D:9)
  An acid dragon (D:9)
  2 water moccasins
  A black bear (D:6)
  2 orc warriors (D:10)
  A sky beast (D:5)
  An ice beast (D:5)
  A necrophage (D:5)
  3 centaurs
  2 wolves (D:6)
  4 bullfrogs
  A scorpion (D:7)
  2 gnoll sergeants (D:6)
  A howler monkey (D:9)
  A bullfrog zombie (D:5)
  3 centaur zombies
  An orc priest (D:7)
  A gnoll shaman (D:6)
  5 hounds
  A centaur skeleton (D:6)
  2 iguanas (D:6)
  A scorpion zombie (D:5)
  3 orc wizards
  A hound zombie (D:3)
  17 gnolls
  7 adders
  A howler monkey skeleton (D:5)
  An adder skeleton (D:4)
  A worm (D:3)
  6 orcs
  3 bats
  An endoplasm (D:2)
  4 giant cockroaches
  4 hobgoblins
  2 jackals
  6 kobolds
  3 quokkas
  7 ball pythons
  7 frilled lizards
  4 goblins
  3 rats
125 creatures vanquished.

Vanquished Creatures (collateral kills)
  A hydra (D:10)
  2 two-headed ogres (D:10)
  A manticore (D:7)
  Maurice (D:8)
  Joseph (D:8)
  A hornet (D:10)
  A wraith (D:10)
  A wyvern (D:10)
  3 vampire mosquitoes (D:10)
  An acid dragon (D:7)
  2 water moccasins
  An orc warrior (D:7)
  An ice beast (D:6)
  A black bear (D:6)
  A necrophage (D:5)
  5 ogres
  2 centaurs
  A wolf (D:6)
  2 bullfrogs
  2 gnoll sergeants (D:6)
  A scorpion (D:7)
  A centaur zombie (D:7)
  4 gnoll shamans
  2 jellies
  2 orc priests
  An orc wizard (D:7)
  2 howler monkey zombies
  22 gnolls
  An adder (D:3)
  2 dart slugs
  7 orcs
  A goblin (D:1)
  2 hobgoblins (D:3)
  5 jackals
  A quokka (D:3)
  A ball python (D:4)
  4 frilled lizards (D:1)
  2 kobolds
  A rat (D:3)
93 creatures vanquished.

Vanquished Creatures (others)
  A centaur zombie (D:10)
  2 komodo dragons
  A hornet (D:7)
  A yak (D:9)
  A vampire mosquito (D:10)
  An orc warrior (D:10)
  A black bear (D:7)
  A scorpion (D:6)
  2 ancestors (D:8)
  7 hexers (D:10)
  A gnoll (D:8)
  15 plants (D:10)
  5 toadstools (D:1)
39 creatures vanquished.

Grand Total: 257 creatures vanquished

Notes
Turn   | Place    | Note
-------+----------+-------------------------------------------
     0 | D:1      | siradein the Draconian Summoner began the quest for the
                  | Orb.
     0 | D:1      | Reached XP level 1. HP: 14/14 MP: 3/3
   269 | D:1      | Reached XP level 2. HP: 20/20 MP: 5/5
   308 | D:1      | Learned a level 2 spell: Call Imp
   830 | D:2      | Found a hide-covered altar of Uskayaw.
   939 | D:2      | Reached skill level 1 in Shields
   988 | D:2      | Reached XP level 3. HP: 20/26 MP: 2/6
  1369 | D:2      | Reached XP level 4. HP: 33/33 MP: 7/7
  1398 | D:2      | Learned a level 3 spell: Call Canine Familiar
  2373 | D:3      | Reached XP level 5. HP: 38/38 MP: 9/9
  3119 | D:3      | Learned a level 3 spell: Summon Guardian Golem
  3545 | D:4      | Found a hide-covered altar of Uskayaw.
  4196 | D:5      | Entered Level 5 of the Dungeon
  4202 | D:5      | Noticed an ogre
  4215 | D:5      | Killed an ogre
  4215 | D:5      | Noticed a sky beast
  4216 | D:5      | Reached skill level 5 in Summonings
  4216 | D:5      | Reached XP level 6. HP: 27/45 MP: 3/11
  4238 | D:5      | Killed a sky beast
  4497 | D:5      | Noticed an ice beast
  4735 | D:5      | Your scales start taking on a rich purple colour.
  4735 | D:5      | Reached XP level 7. HP: 31/50 MP: 5/14
  4875 | D:4      | Learned a level 4 spell: Summon Lightning Spire
  4956 | D:5      | Found a staircase to the Ecumenical Temple.
  4969 | Temple   | Entered the Ecumenical Temple
  5335 | D:5      | Reached skill level 5 in Spellcasting
  5335 | D:5      | Reached skill level 1 in Hexes
  5445 | D:5      | Reached skill level 1 in Air Magic
  5445 | D:5      | Reached skill level 1 in Evocations
  6039 | D:6      | Reached XP level 8. HP: 49/57 MP: 15/15
  6403 | D:6      | Found Ceawal's Jewellery Shoppe.
  6925 | D:6      | Found a hazy altar of Hepliaklqana.
  6928 | D:6      | Found a large runed translucent door.
  6928 | D:6      | Found a large runed translucent door.
  6931 | D:6      | Became a worshipper of Hepliaklqana the Forgotten
  6940 | D:6      | Found a large runed translucent door.
  6940 | D:6      | Found a large runed translucent door.
  7769 | D:6      | Reached skill level 5 in Dodging
  7769 | D:6      | Reached XP level 9. HP: 34/62 MP: 7/18
  8214 | D:6      | Noticed a brown ugly thing
  8259 | D:6      | Killed a brown ugly thing
  8260 | D:6      | Reached skill level 5 in Shields
  8607 | D:6      | Noticed a komodo dragon
  8626 | D:6      | Killed a komodo dragon
  9298 | D:7      | Reached skill level 1 in Fighting
  9415 | D:7      | Noticed a komodo dragon
  9423 | D:7      | Killed a komodo dragon
  9424 | D:7      | Reached XP level 10. HP: 30/72 MP: 10/20
  9864 | D:7      | Reached * piety under Hepliaklqana
  9911 | D:7      | Reached skill level 5 in Hexes
 10042 | D:7      | Found a snail-covered altar of Cheibriados.
 10117 | D:7      | Noticed a manticore
 10127 | D:7      | Killed a manticore
 10128 | D:7      | Reached skill level 5 in Evocations
 10705 | D:8      | Noticed Maurice
 10729 | D:8      | Killed Maurice
 11018 | D:8      | Found a sacrificial altar of Ru.
 11019 | D:8      | Found a sparkling altar of Nemelex Xobeh.
 11329 | D:8      | Noticed Joseph
 11345 | D:8      | Killed Joseph
 11428 | D:8      | Found Hegro's General Store.
 11433 | D:8      | Bought a scroll of identify for 30 gold pieces
 11433 | D:8      | Bought a scroll of identify for 30 gold pieces
 11592 | D:9      | Reached skill level 5 in Air Magic
 12089 | D:9      | Reached ** piety under Hepliaklqana
 12091 | D:9      | Remembered your ancestor FukkYuu as a hexer
 12522 | D:10     | Entered Level 10 of the Dungeon
 12563 | D:10     | Noticed a two-headed ogre
 12572 | D:10     | Noticed a two-headed ogre
 12618 | D:10     | Reached XP level 11. HP: 45/74 MP: 22/22
 12930 | D:10     | Killed a two-headed ogre
 12973 | D:10     | Noticed an oklob plant
 13008 | D:10     | Killed a two-headed ogre
 13051 | D:10     | Noticed an oklob plant
 13123 | D:10     | Noticed a seven-headed hydra
 13130 | D:10     | Killed a seven-headed hydra
 13210 | D:10     | Noticed a two-headed ogre
 13809 | D:10     | HP: 3/76 [something (10)]
 13810 | D:10     | HP: 1/76 [something (1)]
 13810 | D:10     | Slain by an unseen horror

Illustrated notes

Levels and vault maps discovered:
D:1:      ldierk_walled_garden, layout_loops_ring, nrook_mini_vaults,
          minmay_lizard_pond
D:2:      minmay_diamond_boxcup, layout_rooms, basic_altar, minivault_5,
          chequers_jeans
D:3:      layout_rooms, minmay_circle_x
D:4:      layout_basic, eat_drink_and_be_merry_uskayaw
D:5:      layout_loops_ring, minmay_temple_entry_junction_2
D:6:      layout_cave_pools, overflow_temple_1_default, serial_gnoll_camp,
          gnoll_camp_medium_01, gnoll_camp_huts_basic, gnoll_camp_mini_shop,
          gnoll_camp_mini_loothouse, gnoll_camp_mini_house,
          gnoll_camp_mini_basic, chequers_serial_rivers_room_a,
          minmay_hollow_rounded_squares
D:7:      layout_rooms, chei_slow_surprise, wad_mini_maze
D:8:      layout_basic, mainiacjoe_overflow_divided_tiny, serial_shops,
          nicolae_shop_hallway_plus, uniq_joseph, uniq_maurice
D:9:      layout_irregular_city
D:10:     minmay_the_grid_4x2 [minmay_the_grid_small_cups, minmay_the_grid_tree,
          minmay_the_grid_large_cup, minmay_the_grid_mess, minmay_the_grid_x,
          minmay_the_grid_odd_star, minmay_the_grid_broken_lines,
          minmay_the_grid_prize_trominoes], layout_loops_ring,
          lemuel_crystal_altar, dpeg_oklobed_lair, onia_ninara_cookie
Temple:   eino_temple_scatter_basement

Skill      XL: |  1  2  3  4  5  6  7  8  9 10 11 |
---------------+----------------------------------+-----
Dodging        | 2 3 4 5 6 |  6.8
Shields        | 1 2 3 4 5 6 7 |  7.2
Spellcasting   | 3 4 5 6 7 8 |  8.3
Summonings     | 5 6 7 8 |  8.3
Hexes          | 1 3 4 5 6 |  6.5
Air Magic      | 1 3 4 5 6 |  6.0
Evocations     | 1 3 4 5 6 |  6.6
Fighting       | 1 3 4 |  4.8
Stealth        | |  1.7

Action                   |  1- 3 |  4- 6 |  7- 9 | 10-12 || total
-------------------------+-------+-------+-------+-------++-------
Melee: Spear             |    81 |   166 |   175 |   204 ||   626
       Tailslap          |     3 |    22 |    22 |    15 ||    62
       Unarmed           |     1 |       |       |       ||     1
       Short sword       |       |    35 |    90 |       ||   125
 Cast: Summon Small Mamm |     5 |       |       |       ||     5
       Call Imp          |    12 |    20 |    26 |    14 ||    72
       Call Canine Famil |       |    10 |    38 |    50 ||    98
       Summon Guardian G |       |       |     7 |    17 ||    24
       Summon Lightning  |       |       |       |     1 ||     1
Invok: Recall Ancestor   |       |       |       |     2 ||     2
       Ancestor Life: He |       |       |       |     1 ||     1
       Ancestor Identity |       |       |       |     1 ||     1
 Abil: Breathe Dispellin |       |       |    14 |       ||    14
  Use: Scroll            |       |     5 |     3 |    10 ||    18
 Stab: Sleeping          |     2 |     7 |     2 |       ||    11
       Distracted        |       |       |     3 |       ||     3
       Confused          |       |       |       |     2 ||     2
Armor: Skin              |    13 |    62 |    71 |    99 ||   245
Dodge: Dodged            |    33 |    97 |   137 |    86 ||   353
Block: Buckler           |    12 |    32 |    22 |       ||    66
       Kite shield       |       |       |   118 |   181 ||   299

Table legend: (Time is in decaauts)
 A = Elapsed time spent in this place.
 B = Non-inter-level travel time spent in this place.
 C = Inter-level travel time spent in this place.
 D = Time resting spent in this place.
 E = Time spent auto-exploring this place.
 F = Levels seen in this place.
 G = Mean time per level.
                   A        B        C        D        E       F      G
               +--------+--------+--------+--------+--------+-----+--------+
         Total |  13998 |  13706 |    292 |   1696 |   8555 |  11 | 1272.5 |
       Dungeon |  13802 |  13530 |    272 |   1696 |   8395 |  10 | 1380.2 |
        Temple |    195 |    175 |     20 |      0 |    160 |   1 |  195.0 |
               +--------+--------+--------+--------+--------+-----+--------+

Top non-repeatable levels by time:
     D:6: 2872 daAuts
     D:5: 1578 daAuts
     D:4: 1500 daAuts
     D:2: 1433 daAuts
     D:9: 1422 daAuts
     D:8: 1175 daAuts
     D:7: 1160 daAuts
    D:10: 906 daAuts
     D:1: 894 daAuts
     D:3: 858 daAuts
  Temple: 195 daAuts
